 Dungeon Crawl Stone Soup version 0.30-a0-715-gdb4ae3ece1 (webtiles) character file.

Game seed: 86900288204469024

9584 voltaire321 the Covert (level 11, -1/68 HPs)
             Began as a Kobold Brigand on Jan 23, 2023.
             Was a Believer of Dithmenos.
             Killed from afar by an ogre mage (39 damage)
             ... with a bolt of magma
             ... on level 10 of the Dungeon.
             The game lasted 00:37:41 (11516 turns).

voltaire321 the Covert (Kobold Brigand)            Turns: 11516, Time: 00:37:42

Health: -1/68      AC: 14    Str:  8    XL:     11   Next: 77%
Magic:  16/18      EV: 19    Int: 15    God:    Dithmenos [**....]
Gold:   720        SH:  5    Dex: 19    Spells: 18/20 levels left

rFire   . . .      SeeInvis .    r - +5 dagger
rCold   . . .      Faith    .    (no shield)
rNeg    . . .      Spirit   .    H - +0 acid dragon scales
rPois   +          Reflect  +    b - +0 helmet
rElec   .          Harm     .    c - +1 cloak
rCorr   +          Rampage  .    (no gloves)
Will    .....                    (no boots)
Stlth   +++++++                  y - amulet of reflection
HPRegen 0.31/turn                n - ring of poison resistance
MPRegen 0.16/turn                k - +4 ring of protection

@: wreathed by umbra
A: small, no large weapons, nightstalker 3
a: Renounce Religion, Shadow Step


You were on level 10 of the Dungeon.
You worshipped Dithmenos.
Dithmenos was pleased with you.
You visited 2 branches of the dungeon, and saw 11 of its levels.
You also visited: Sewer.

You collected 720 gold pieces.

Inventory:

Hand Weapons
 a - a +2 dagger
 r - a +5 dagger (weapon)
 D - a +0 rapier
 G - a +0 dagger of venom
Missiles
 d - 23 poisoned darts
 e - 4 curare-tipped darts
 j - 9 boomerangs
 C - 2 throwing nets
Armour
 b - a +0 helmet (worn)
 c - a +1 cloak (worn)
 h - a +0 leather armour
 E - a +0 troll leather armour
 H - +0 acid dragon scales (worn)
Jewellery
 k - a +4 ring of protection (right hand)
 n - a ring of poison resistance (left hand)
 y - an amulet of reflection (around neck)
Wands
 z - a wand of paralysis (5)
 J - a wand of mindburst (4)
Scrolls
 l - a scroll of poison
 o - 3 scrolls of fog
 u - a scroll of amnesia
 A - 2 scrolls of silence
 I - a scroll of enchant weapon {unknown}
Potions
 f - a potion of brilliance
 g - a potion of resistance {unknown}
 i - 4 potions of curing
 m - a potion of berserk rage
 p - 3 potions of ambrosia
 q - 3 potions of haste
 s - 6 potions of flight
 t - 4 potions of lignification
 v - 2 potions of cancellation
 w - a potion of invisibility
 x - a potion of mutation {unknown}
 B - a potion of degeneration {unknown}
 F - 3 potions of heal wounds


   Skills:
 + Level 8.2 Fighting
 - Level 10.0 Short Blades
 - Level 6.6 Throwing
 - Level 5.0 Armour
 + Level 8.9 Dodging
 + Level 11.5 Stealth
 - Level 5.0 Spellcasting
 + Level 6.3 Hexes
 + Level 6.4 Ice Magic


You had 18 spell levels left.
You knew the following spells:

 Your Spells              Type           Power      Damage    Failure   Level
a - Ensorcelled Hibernat  Hex/Ice        44%        N/A       3%          2

Your spell library contained the following spells:

 Spells                   Type           Power      Damage    Failure   Level
 Hailstorm                Conj/Ice       13%        3d5       22%         3
 Portal Projectile        Hex/Tloc       26%        N/A       22%         3
 Apportation              Tloc           6%         N/A       26%         1
 Necrotise                Necr           12%        1d4       26%         1
 Summon Small Mammal      Summ           12%        N/A       26%         1
 Wereblood                Tmut           3%         N/A       38%         2
 Anguish                  Hex/Necr       6%         N/A       58%         4
 Ice Form                 Ice/Tmut       13%        N/A       58%         4
 Leda's Liquefaction      Hex/Erth       6%         N/A       58%         4
 Call Canine Familiar     Summ           3%         N/A       63%         3
 Spider Form              Tmut/Pois      3%         N/A       63%         3
 Sticky Flame             Conj/Fire      3%         2d3       95%         4
 Simulacrum               Ice/Necr       6%         N/A       100%        6
 Fire Storm               Conj/Fire      1%         8d1       100%        9


Dungeon Overview and Level Annotations

Branches:
Dungeon (10/15)            Temple (1/1) D:4             Orc (0/2) D:9
  Sewer (visited)
   Lair: D:8-11

Altars:
Ashenzari
Cheibriados
Dithmenos
Elyvilon
Fedhas
Gozag
Hepliaklqana
Kikubaaqudgha
Makhleb
Nemelex Xobeh
Okawaru
Qazlal
Ru
Sif Muna
Trog
Uskayaw
Vehumet
Wu Jian
Xom
Yredelemnul
Zin
The Shining One

Shops:
D:8 ?   D:9 (

Annotations:
D:3 1 transporter, Tocho's ghost, amateur DECj
D:10 3 runed translucent doors


Innate Abilities, Weirdness & Mutations

You are small and have problems with some larger weapons.
You are completely attuned to the shadows.


Message History

Something hits you! Something hits you!
You hear some strange, mumbled words.
A bolt of magma appears from out of thin air!
The bolt of magma hits you!!
* * * LOW HITPOINT WARNING * * *
You hear an angry buzzing noise.
You feel much better.
There is an open door here.
You close the door.
An orc knight comes into view. It is wielding a +0 broad axe.
Something unseen opens the door.
You hear some strange, mumbled words.
You suddenly lose the ability to move!
Something hits you.
You can move again.
Aiming: Shadow Step
Press: ? - help, Dir - move target There isn't a shadow there.
Okay, then.
Something hits you but does no damage.
You hit something. You closely miss something. You hit something.
You hear some strange, mumbled words.
A bolt of magma appears from out of thin air!
The bolt of magma hits you but does no damage.
You closely miss something. You barely miss something.
Something hits you but does no damage.
You hit something.
Casting: Ensorcelled Hibernation (safe; 3% risk of failure)
Confirm with . or Enter, or press ? or * to list all spells.
Aiming: Ensorcelled Hibernation (safe; 3% risk of failure)
Press: ? - help, Shift-Dir - straight line Nothing appears to happen.
You hear some strange, mumbled words.
A bolt of magma appears from out of thin air!
The bolt of magma hits you!!!
Ouch! That really hurt!
You die...

###############
#....#.........#
#....#..#......# ..
#......###.....#...
....#.....##
##....#..#
....#......#
#....##..#
........#.##
##.#.....#
......@#### ####....#
...#####.{## ##....
..........### ..
##... .........##.#
.# ##.. ..........#.#
###y### #...
..(....#.##.###.)...#
##.#
......####.†.##.....#
#
.....##..............
####..##'#..y##.....#
###


There were no monsters in sight!

Vanquished Creatures
  A centaur warrior (D:10)
  A two-headed ogre (D:10)
  A deep elf pyromancer (D:9)
  Maurice (D:9)
  Psyche (D:10)
  A rime drake (D:10)
  A troll (D:10)
  Grinder (D:5)
  Prince Ribbit (D:5)
  6 yaks (D:10)
  2 wyverns
  Eustachio (D:5)
  Edmund (D:4)
  An acid dragon (D:9)
  2 water moccasins (D:6)
  Duvessa (D:5)
  3 orc warriors
  5 ice beasts
  A black bear (D:5)
  3 centaurs
  4 ogres
  A phantom (D:6)
  3 kobold brigands
  3 bullfrogs
  3 necrophages
  A scorpion (D:5)
  A gnoll sergeant (D:9)
  10 wights (D:7)
  Dowan (D:5)
  4 killer bees (D:9)
  A howler monkey (D:5)
  A jelly (D:6)
  A hound (D:5)
  6 orc priests
  A hell rat (Sewer)
  An iguana (D:6)
  Natasha (D:3)
  12 orc wizards
  12 gnolls
  11 adders
  2 river rats
  2 shadow imps
  2 white imps (D:7)
  3 worms
  2 dart slugs
  55 orcs
  8 bats
  6 endoplasms
  3 giant cockroaches
  8 goblins
  7 hobgoblins
  4 jackals (D:1)
  15 kobolds
  A quokka (D:2)
  8 ball pythons
  8 frilled lizards
  11 rats
258 creatures vanquished.

Vanquished Creatures (collateral kills)
  An adder (D:5)
1 creature vanquished.

Vanquished Creatures (others)
  A howler monkey (D:10)
1 creature vanquished.

Grand Total: 260 creatures vanquished

Notes
Turn   | Place    | Note
-------+----------+-------------------------------------------
     0 | D:1      | voltaire321 the Kobold Brigand began the quest for the Orb.
     0 | D:1      | Reached XP level 1. HP: 12/12 MP: 1/1
    44 | D:1      | Reached XP level 2. HP: 16/18 MP: 2/2
   473 | D:1      | Reached XP level 3. HP: 22/22 MP: 3/3
   970 | D:2      | Reached XP level 4. HP: 26/27 MP: 4/4
  1536 | D:2      | Got the Volume of Sweltering Changing
  1938 | D:3      | Noticed Tocho's ghost (amateur DECj)
  1939 | D:3      | Found a transporter.
  1951 | D:3      | Reached XP level 5. HP: 32/32 MP: 5/5
  1998 | D:3      | Found a sacrificial altar of Ru.
  2075 | D:3      | Reached skill level 1 in Armour
  2088 | D:3      | Reached skill level 6 in Stealth
  2190 | D:3      | Found a glowing drain.
  2219 | Sewer    | Entered a sewer
  2297 | Sewer    | Reached XP level 6. HP: 27/37 MP: 6/6
  2513 | D:3      | Noticed Natasha
  2520 | D:3      | Killed Natasha
  2889 | D:4      | Reached skill level 9 in Stealth
  2889 | D:4      | Reached XP level 7. HP: 47/47 MP: 7/7
  2893 | D:4      | Learned a level 2 spell: Ensorcelled Hibernation
  2893 | D:4      | Reached XP level 8. HP: 52/52 MP: 7/14
  2956 | D:4      | Noticed Edmund
  2959 | D:4      | Found a staircase to the Ecumenical Temple.
  2960 | D:4      | Killed Edmund
  2971 | Temple   | Entered the Ecumenical Temple
  3957 | D:5      | Entered Level 5 of the Dungeon
  3974 | D:5      | Reached XP level 9. HP: 55/55 MP: 12/15
  4018 | D:5      | Reached skill level 10 in Short Blades
  4055 | D:5      | Noticed Eustachio
  4094 | D:5      | Killed Eustachio
  4645 | D:5      | Noticed Dowan
  4819 | D:5      | Noticed Prince Ribbit
  4828 | D:5      | Killed Prince Ribbit
  4862 | D:5      | Noticed Grinder
  4978 | D:5      | Noticed Duvessa
  5004 | D:5      | Paralysed by Grinder for 3 turns
  5034 | D:5      | Killed Grinder
  5208 | D:5      | Killed Dowan
  5223 | D:5      | Killed Duvessa
  5363 | D:6      | Reached XP level 10. HP: 61/61 MP: 17/17
  5381 | D:6      | Reached skill level 10 in Stealth
  6414 | D:6      | Reached skill level 5 in Armour
  6415 | D:6      | Found a sparkling altar of Nemelex Xobeh.
  6905 | D:7      | Reached skill level 5 in Spellcasting
  6955 | D:7      | Reached skill level 5 in Ice Magic
  7045 | D:7      | Reached skill level 5 in Hexes
  7092 | D:7      | Found a blossoming altar of Fedhas.
  7487 | D:7      | Found a shimmering altar of Xom.
  7669 | D:7      | Found an ancient bone altar of Kikubaaqudgha.
  7670 | D:7      | Found a shimmering blue altar of Sif Muna.
  7672 | D:7      | Found a hazy altar of Hepliaklqana.
  7673 | D:7      | Found a shadowy altar of Dithmenos.
  7676 | D:7      | Found an iron altar of Okawaru.
  7683 | D:7      | Became a worshipper of Dithmenos the Shadowed
  7685 | D:7      | Found an ornate altar of the Wu Jian Council.
  7686 | D:7      | Found a radiant altar of Vehumet.
  7688 | D:7      | Found a broken altar of Ashenzari.
  8124 | D:7      | Found a glowing silver altar of Zin.
  8124 | D:7      | Found a glowing golden altar of the Shining One.
  8143 | D:7      | Found a white marble altar of Elyvilon.
  8273 | D:8      | Found The Oracle's Delphic Readings.
  8296 | D:8      | Upgraded the game from 0.30-a0-711-gf4ac18a38d to
                  | 0.30-a0-715-gdb4ae3ece1
  9393 | D:9      | Noticed a deep elf pyromancer
  9396 | D:9      | Killed a deep elf pyromancer
  9397 | D:9      | Reached XP level 11. HP: 67/67 MP: 18/18
  9683 | D:9      | Noticed Maurice
  9687 | D:9      | Killed Maurice
  9708 | D:9      | Reached * piety under Dithmenos
  9763 | D:9      | Found Pyhetil's Antique Weapon Shop.
 10631 | D:9      | Found a staircase to the Orcish Mines.
 10654 | D:9      | Reached ** piety under Dithmenos
 11055 | D:10     | Entered Level 10 of the Dungeon
 11083 | D:10     | Noticed a two-headed ogre
 11092 | D:10     | Killed a two-headed ogre
 11093 | D:10     | Reached skill level 11 in Stealth
 11174 | D:10     | Found a runed translucent gate.
 11175 | D:10     | Found a runed translucent gate.
 11176 | D:10     | Found a runed translucent gate.
 11348 | D:10     | Found a snail-covered altar of Cheibriados.
 11365 | D:10     | Noticed Psyche
 11369 | D:10     | Killed Psyche
 11470 | D:10     | Noticed a centaur warrior
 11475 | D:10     | Noticed an ogre mage
 11479 | D:10     | Killed a centaur warrior
 11494 | D:10     | Noticed an orc knight
 11505 | D:10     | Paralysed by something for 4 turns
 11516 | D:10     | Killed from afar by an ogre mage

Illustrated notes

Levels and vault maps discovered:
D:1:      shiori_arrival_maze, layout_basic
D:2:      layout_loops_ring
D:3:      layout_rooms, nicolae_ru_path_of_blood, gup_sewer_entry_bubbles,
          gammafunk_ghost_smash, amcnicky_mini_pool_small, uniq_natasha
D:4:      layout_cave_pods, minmay_temple_entry_mini_moons, uniq_edmund
D:5:      layout_rooms, uniq_eustachio, uniq_duvessa, uniq_grinder,
          uniq_prince_ribbit1
D:6:      layout_layer_cave, nemelex_dance_club_becter, minmay_misc_feat_doors
D:7:      layout_cave_pools, dreamdust_divine_triumvirate,
          nicolae_overflow_hallway_of_the_gods
D:8:      layout_loops_ring, nicolae_nh_oracle_at_delphi
D:9:      layout_stronghold, hiddenorc2_lemuel, serial_shops, shop,
          guppyfry_early_elven_hall, uniq_maurice
D:10:     layout_grid_maze, mainiacjoe_overflow_alcove_1,
          hellmonk_lair_entry_icy, gammafunk_ghost_icy,
          minmay_fractal_squares_gapless_7, uniq_psyche
Temple:   hellmonk_temple_micro_hex

Skill      XL: |  1  2  3  4  5  6  7  8  9 10 11 |
---------------+----------------------------------+-----
Short Blades   | 3 7 9 10 | 10.0
Dodging        | 2 3 7 8 |  8.9
Fighting       | 3 6 7 8 |  8.2
Armour         | 1 4 5 |  5.0
Throwing       | 3 6 |  6.6
Stealth        | 6 9 10 11 | 11.5
Spellcasting   | 4 5 |  5.0
Hexes          | 4 5 6 |  6.3
Ice Magic      | 4 5 6 |  6.4

Action                     |  1- 3 |  4- 6 |  7- 9 | 10-12 || total
---------------------------+-------+-------+-------+-------++-------
  Melee: Dagger            |    64 |   163 |   233 |   421 ||   881
         Punch             |       |     1 |     5 |     2 ||     8
  Throw: Dart              |     4 |    35 |    17 |     1 ||    57
   Cast: Ensorcelled Hiber |       |       |    20 |    91 ||   111
    Use: Scroll            |       |     4 |     2 |    19 ||    25
         Potion            |       |     1 |     1 |     3 ||     5
   Stab: Sleeping          |    17 |    21 |    21 |    87 ||   146
         Distracted        |       |     1 |       |     4 ||     5
 Armour: Robe              |     3 |       |       |       ||     3
         Leather armour    |     4 |    32 |    23 |    65 ||   124
         Acid dragon scale |       |       |       |    20 ||    20
  Dodge: Dodged            |    28 |    96 |    93 |   263 ||   480
  Block: Other             |       |       |    37 |    59 ||    96
         Reflection        |       |       |       |     2 ||     2

Table legend: (Time is in decaauts)
 A = Elapsed time spent in this place.
 B = Non-inter-level travel time spent in this place.
 C = Inter-level travel time spent in this place.
 D = Time resting spent in this place.
 E = Time spent auto-exploring this place.
 F = Levels seen in this place.
 G = Mean time per level.
                   A        B        C        D        E       F      G
               +--------+--------+--------+--------+--------+-----+--------+
         Total |  11193 |  10999 |    194 |   1731 |   6829 |  12 |  932.8 |
       Dungeon |  11023 |  10829 |    194 |   1731 |   6763 |  10 | 1102.3 |
        Temple |     18 |     18 |      0 |      0 |     11 |   1 |   18.0 |
         Sewer |    150 |    150 |      0 |      0 |     55 |   1 |  150.0 |
               +--------+--------+--------+--------+--------+-----+--------+

Top non-repeatable levels by time:
     D:9: 1778 daAuts
     D:6: 1502 daAuts
     D:7: 1252 daAuts
     D:5: 1219 daAuts
     D:4: 1107 daAuts
     D:8: 986 daAuts
     D:2: 956 daAuts
     D:1: 903 daAuts
     D:3: 868 daAuts
    D:10: 447 daAuts
   Sewer: 150 daAuts
  Temple: 18 daAuts
